 Dungeon Sprint DCSS version 0.27-a0-1378-gdefffd1ff6 (webtiles) character file.

Game seed: 16642246573633298090

13 mhtbhm the Digger (level 2, -4/15 HPs)
             Began as a Deep Elf Earth Elementalist on June 29, 2021.
             Was a Believer of Vehumet.
             Shot with an arrow by a centaur (9 damage)
             ... in the Dungeon (Sprint VII: "The Pits").
             The game lasted 00:00:44 (349 turns).

mhtbhm the Digger (Deep Elf Earth Elementalist)      Turns: 349, Time: 00:00:45

Health: -4/15      AC:  2    Str:  5    XL:     2   Next: 24%
Magic:  7/9        EV: 13    Int: 19    God:    Vehumet [**....]
Gold:   0          SH:  0    Dex: 15    Spells: 6/9 levels left

rFire    . . .     SeeInvis .   l - +2 dagger
rCold    . . .     Faith    .   (no shield)
rNeg     . . .     Spirit   .   b - +0 robe
rPois    .         Reflect  .   (no helmet)
rElec    .         Harm     .   (no cloak)
rCorr    .         Rampage  .   (no gloves)
Will     .....     NoTele   +   (no boots)
Stlth    ++........             (no amulet)
HPRegen  0.05/turn              (no ring)
MPRegen  0.11/turn              (no ring)

@: no status effects
A: no striking features
a: Renounce Religion


You were in the Dungeon.
You worshipped Vehumet.
Vehumet was pleased with you.
You visited 1 branch

Inventory:

Hand Weapons
 l - a +2 dagger (weapon)
Missiles
 i - 26 stones
Armour
 b - a +0 robe (worn)
Scrolls
 h - a scroll of blinking
 j - 5 scrolls of amnesia
 k - a scroll of summoning
Potions
 a - 2 potions of invisibility
 c - a potion of curing
 d - a potion of heal wounds
 e - a potion of haste
 f - 4 potions of magic
 g - 3 potions of berserk rage


   Skills:
 + Level 2.8 Dodging
 + Level 3.6 Stealth
 + Level 4.3 Spellcasting
 + Level 1.1 Transmutations
 + Level 4.7 Earth Magic


You had 6 spell levels left.
You knew the following spells:

 Your Spells              Type           Power      Damage    Failure   Level
a - Sandblast             Erth           44%        2d11      1%          1
b - Passwall              Tmut/Erth      12%        N/A       6%          2

Your spell library contained the following spells:

 Spells                   Type           Power      Damage    Failure   Level
 Magic Dart               Conj           16%        1d3       14%         1
 Stone Arrow              Conj/Erth      26%        3d8       16%         3
 Petrify                  Tmut/Erth      15%        N/A       36%         4
 Lee's Rapid Deconstruct  Erth           11%        3d9*      45%         5


Dungeon Overview and Level Annotations

Branches:
Dungeon (1/1)

Altars:
Ashenzari
Cheibriados
Dithmenos
Elyvilon
Fedhas
Gozag
Hepliaklqana
Kikubaaqudgha
Makhleb
Nemelex Xobeh
Okawaru
Qazlal
Ru
Sif Muna
Trog
Uskayaw
Vehumet
Wu Jian
Xom
Yredelemnul
Zin
The Shining One
Beogh
Jiyva
Lugonu


Message History

Aiming: Sandblast (safe; 1% risk of failure)
Press: ? - help, Shift-Dir - straight line, f - goblin
Aim: a goblin, wielding a +0 club (76% to hit)
The blast of sand hits the goblin!
You kill the goblin!
Vehumet accepts your kill.
You feel your power returning.
You start waiting.
Done waiting.
There is an open door here.
You see here a ball python corpse.
A gnoll and a centaur come into view.
You see here a +0 club.
Unknown command.
You can't go up here!
Okay, then.
You see here a +0 club.
Unknown command.
Casting: Sandblast (safe; 1% risk of failure)
Confirm with . or Enter, or press ? or * to list all spells.
Aiming: Sandblast (safe; 1% risk of failure)
Press: ? - help, Shift-Dir - straight line, f - centaur
Aim: a centaur, quivering arrows (asleep, 100% to hit)
The blast of sand hits the centaur!
The centaur is heavily wounded.
The centaur shouts!
The gnoll shouts!
The centaur wields a +0 shortbow.
The centaur shoots an arrow.
The arrow hits you!
Ouch! That really hurt!
Unknown command.
Casting: Sandblast (safe; 1% risk of failure)
Confirm with . or Enter, or press ? or * to list all spells.
Aiming: Sandblast (safe; 1% risk of failure)
Press: ? - help, Shift-Dir - straight line, f/p - centaur
Aim: a centaur, wielding a +0 shortbow and quivering arrows (moderately wounded, 88% to hit)
The blast of sand hits the centaur.
The centaur is heavily wounded.
The centaur shoots an arrow.
The arrow hits you!
Ouch! That really hurt!
You die...

#.........).'.........
#+#####÷#####......#..
#..#..# #.........
#..)..# ####'#####
#..#### #.......#
#..#..# #.......#
#..#gc# #.......#
##†#..#+###...<...#
#..@.....##.......#
#........##.......#
###########.......#
#########


You could see a centaur and a gnoll.

Vanquished Creatures
  An adder zombie (D)
  A ball python (D)
  3 goblins (D)
  2 hobgoblins (D)
  A frilled lizard (D)
8 creatures vanquished.

Notes
Turn   | Place    | Note
-------+----------+-------------------------------------------
     0 | D        | mhtbhm the Deep Elf Earth Elementalist began the quest for
                  | the Orb.
     0 | D        | Reached XP level 1. HP: 10/10 MP: 6/6
    18 | D        | Found a bloodstained altar of Trog.
    18 | D        | Found a shimmering blue altar of Sif Muna.
    18 | D        | Found a viscous altar of Jiyva.
    18 | D        | Found a hazy altar of Hepliaklqana.
    18 | D        | Found an opulent altar of Gozag.
    19 | D        | Found a glowing golden altar of the Shining One.
    19 | D        | Found a glowing silver altar of Zin.
    19 | D        | Found a basalt altar of Yredelemnul.
    19 | D        | Found a shimmering altar of Xom.
    19 | D        | Found an ornate altar of the Wu Jian Council.
    19 | D        | Found a sacrificial altar of Ru.
    19 | D        | Found a stormy altar of Qazlal.
    19 | D        | Found an iron altar of Okawaru.
    19 | D        | Found a sparkling altar of Nemelex Xobeh.
    19 | D        | Found a burning altar of Makhleb.
    19 | D        | Found a blossoming altar of Fedhas.
    19 | D        | Found a white marble altar of Elyvilon.
    19 | D        | Found a shadowy altar of Dithmenos.
    19 | D        | Found a snail-covered altar of Cheibriados.
    21 | D        | Found a radiant altar of Vehumet.
    21 | D        | Found a corrupted altar of Lugonu.
    22 | D        | Found a hide-covered altar of Uskayaw.
    22 | D        | Found an ancient bone altar of Kikubaaqudgha.
    22 | D        | Found a broken altar of Ashenzari.
    29 | D        | Became a worshipper of Vehumet
   120 | D        | Reached * piety under Vehumet
   120 | D        | Offered knowledge of Magic Dart by Vehumet.
   125 | D        | Reached XP level 2. HP: 10/15 MP: 2/9
   231 | D        | Learned a level 2 spell: Passwall
   239 | D        | Reached ** piety under Vehumet
   345 | D        | Noticed a centaur
   349 | D        | Shot with an arrow by a centaur

Illustrated notes

Levels and vault maps discovered:
D:        pitsprint [storerooms_1, entrance_room_1, metal_vault_5, armoury_2,
          mini_pit_1, grid_room_1, main_hall_1, silver_pit, the_coven_2,
          the_vestibule_1, steel_vault_3, golden_pit, hallway_of_sentries,
          crystal_vault_1, iron_vault_4, final_vault]

Skill      XL: |  1 |
---------------+----+-----
Stealth        | 3 |  3.6
Earth Magic    | 4 |  4.7
Spellcasting   | 4 |  4.3
Dodging        | |  2.8
Transmutations | |  1.1

Action                   || total
-------------------------++-------
 Cast: Sandblast         ||    14
Armor: Robe              ||     1
Dodge: Dodged            ||     2

Table legend: (Time is in decaauts)
 A = Elapsed time spent in this place.
 B = Non-inter-level travel time spent in this place.
 C = Inter-level travel time spent in this place.
 D = Time resting spent in this place.
 E = Time spent auto-exploring this place.
 F = Levels seen in this place.
 G = Mean time per level.
                   A        B        C        D        E       F      G
               +--------+--------+--------+--------+--------+-----+--------+
         Total |    348 |    348 |      0 |    236 |      0 |   1 |  348.0 |
       Dungeon |    348 |    348 |      0 |    236 |      0 |   1 |  348.0 |
               +--------+--------+--------+--------+--------+-----+--------+

Top non-repeatable levels by time:
       D: 348 daAuts
